 Dungeon Crawl Stone Soup version 0.31-a0-889-g1a8549509d (webtiles) character file.

Game seed: 10115762612614490155

207 Xavori the Sneak (level 5, -12/37 HPs)
             Began as an Octopode Chaos Knight on Oct 17, 2023.
             Was a Plaything of Xom.
             Mangled by an ogre
             ... wielding a +0 giant spiked club
              (26 damage)
             ... on level 5 of the Dungeon.
             The game lasted 00:03:19 (10093 turns).

Xavori the Sneak (Octopode Chaos Knight)           Turns: 10093, Time: 00:03:19

Health: -12/37     AC:  4    Str: 10 (11) XL:     5   Next: 85%
Magic:  5/5        EV: 24    Int: 12      God:    Xom [...*..]
Gold:   172        SH:  0    Dex: 14      Spells: 4/4 levels left

rFire   . . .        h - +1 short sword (vamp)
rCold   . . .        (no shield)
rNeg    . . .        (helmet restricted)
rPois   .            (no amulet)
rElec   .            j - +5 ring of evasion
rCorr   .            o - +5 ring of evasion
SInv    .            (no ring)
Will    .....        (no ring)
Stlth   ++++         (no ring)
HPRegen 0.26/turn    (no ring)
MPRegen 0.09/turn    (no ring)
                     (no ring)

%: no passive effects
@: no status effects
A: almost no armour, amphibious, 8 rings, camouflage 1, gelatinous body 1,
(nimble swimmer 1), tentacles, iridescent scales 1, deterioration 1, dopey 1,
screaming 1, shaggy fur 1, noise suppression
a: Renounce Religion


You were on level 5 of the Dungeon.
You worshipped Xom.
You were a favourite toy of Xom.
You visited 1 branch of the dungeon, and saw 5 of its levels.

You collected 172 gold pieces.

Inventory:

Hand Weapons
 h - a +1 vampiric short sword (weapon)
Jewellery
 i - a ring of wizardry
 j - a +5 ring of evasion (left tentacle)
 o - a +5 ring of evasion (right tentacle)
Wands
 n - a wand of mindburst (9)
 s - a wand of roots (7)
Scrolls
 a - a scroll of poison {unknown}
 b - a scroll of butterflies
 f - a scroll of vulnerability {unknown}
 k - 2 scrolls of identify {unknown}
 l - a scroll of teleportation {unknown}
 m - 6 scrolls of immolation {unknown}
 p - a scroll of enchant weapon {unknown}
 q - a scroll of fog {unknown}
 r - a scroll of torment {unknown}
 u - a scroll of blinking {unknown}
Potions
 c - a potion of ambrosia {unknown}
 d - 5 potions of haste {unknown}
 e - 6 potions of curing
 g - a potion of heal wounds {unknown}
 t - 2 potions of invisibility {unknown}


   Skills:
 + Level 3.8 Fighting
 + Level 4.2 Short Blades
 + Level 2.9 Dodging
 + Level 4.4 Stealth
 * Level 1.1 Evocations


You had 4 spell levels left.
You didn't know any spells.
Your spell library contained the following spells:

 Spells                   Type           Power      Damage    Failure   Level
 Sandblast                Erth           0%         2d4       32%         1
 Sting                    Tmut/Pois      0%         1d3       32%         1
 Passwall                 Tmut/Erth      0%         N/A       45%         2
 Poisonous Vapours        Pois/Air       0%         N/A       45%         2
 Stone Arrow              Conj/Erth      0%         3d7       69%         3
 Brom's Barrelling Bould  Conj/Erth      0%         2d3       97%         4
 Olgreb's Toxic Radiance  Pois           0%         N/A       97%         4


Dungeon Overview and Level Annotations

Branches:
Dungeon (5/15)             Temple (0/1) D:4

Altars:
Fedhas
Trog
Wu Jian
Xom


Innate Abilities, Weirdness & Mutations

You cannot wear most types of armour.
You are amphibious.
You can wear up to eight rings at the same time.
Your skin changes colour to match your surroundings (Stealth+).
Your rubbery body absorbs attacks. (AC +1, EV +1)
((You are camouflaged when in or above water. (Stealth+)))
You have tentacles for arms and can constrict up to eight enemies at once.
You are partially covered in iridescent scales. (AC +2)
Your body sometimes deteriorates upon taking damage.
You are dopey. (Int -2)
You occasionally shout uncontrollably at your foes.
You are covered in fur. (AC +1)
You passively dampen the noise of your surroundings.


Message History

You see here an iguana corpse.
Found a quarterstaff.
No target in view!
Found 5 stones.
Key pressed, stopping explore.
No target in view!
No target in view!
No target in view!
u - a scroll labelled LEXZOUSHREA
Found a stone staircase leading down.
No target in view!
You see here 5 stones.
m - 6 scrolls labelled SUTZIAHOFU (gained 1)
Found a short sword.
No target in view!
No target in view!
No target in view!
No target in view!
An ogre comes into view. It is wielding a +0 giant spiked club.
The ogre shouts!
An ogre is nearby!
An ogre is nearby!
An ogre is nearby! "Whee!"
Your surroundings suddenly seem different.
Your surroundings suddenly seem different.
Unknown command.
Unknown command.
You hit the ogre.
The ogre is lightly wounded.
The ogre hits you with a +0 giant spiked club!!
Ouch! That really hurt!
Your body deteriorates!
You feel weakened.
A shower of butterflies erupts from you!
You hit the ogre. You squeeze the ogre.
The ogre is lightly wounded.
The ogre hits you with a +0 giant spiked club!!
Ouch! That really hurt!
You die...
Xom howls with laughter!

. ... #...
#######...#
###........#
#.b...b...# #..@O..#
#...b..#############
#.b.)...............
#......#############
########


You could see an ogre (ally target).

Vanquished Creatures
  A hound (D:4)
  Ijyb (D:3)
  Jessica (D:2)
  An iguana (D:5)
  A gnoll (D:1)
  2 adders
  2 dart slugs
  4 orcs (D:3)
  6 endoplasms
  3 giant cockroaches
  8 goblins
  10 hobgoblins
  4 kobolds
  6 quokkas
  4 ball pythons
  A bat (D:3)
  3 frilled lizards
  3 rats
  A spectral hobgoblin (D:1)
62 creatures vanquished.

Vanquished Creatures (others)
  An orc wizard (D:3)
1 creature vanquished.

Grand Total: 63 creatures vanquished

Notes
Turn   | Place    | Note
-------+----------+-------------------------------------------
     0 | D:1      | Xavori the Octopode Chaos Knight began the quest for the
                  | Orb.
     0 | D:1      | Reached XP level 1. HP: 16/16 MP: 1/1
    74 | D:1      | Reached XP level 2. HP: 21/21 MP: 2/2
   161 | D:1      | XOM: noise
   290 | D:1      | Reached skill level 1 in Stealth
   290 | D:1      | Reached XP level 3. HP: 8/26 MP: 3/3
   555 | D:1      | Found a faded altar of an unknown god.
  1248 | D:1      | XOM: give mutations
  1248 | D:1      | Gained mutation: Your magical capacity is low. (-10% MP)
                  | [Xom's mischief]
  1248 | D:1      | Gained mutation: Your mind is acute. (Int +4, Str/Dex -1)
                  | [Xom's mischief]
  1248 | D:1      | Gained mutation: Your spells are a little harder to cast,
                  | but a little more powerful. [Xom's mischief]
  1379 | D:1      | XOM: divination: detect items
  1438 | D:1      | XOM is BORED!
  1676 | D:1      | XOM: silly message
  1884 | D:1      | XOM: give mutations
  1884 | D:1      | Lost mutation: Your spells are a little harder to cast, but
                  | a little more powerful. [Xom's mischief]
  1884 | D:1      | Gained mutation: You occasionally lose the ability to read
                  | scrolls when taking damage. [Xom's mischief]
  2097 | D:1      | XOM: give mutations
  2097 | D:1      | Gained mutation: You have hidden genetic potential. [Xom's
                  | mischief]
  2097 | D:1      | Gained mutation: Your system is resistant to poisons.
                  | (rPois) [Xom's mischief]
  2097 | D:1      | Lost mutation: Your mind is acute. (Int +4, Str/Dex -1)
                  | [Xom's mischief]
  2097 | D:1      | Gained mutation: You are clumsy. (Dex -2) [Xom's mischief]
  2208 | D:1      | XOM: cloud trail
  2335 | D:1      | XOM: cloud trail
  3718 | D:1      | XOM: god gift: Young Poisoner's Handbook
  4064 | D:1      | XOM: scenery: 1 doors close
  4264 | D:1      | XOM: scenery: 1 doors open
  4855 | D:1      | XOM: scenery: 1 doors close
  5427 | D:1      | XOM: give mutations
  5427 | D:1      | Lost mutation: You have hidden genetic potential. [Xom's
                  | mischief]
  5427 | D:1      | Gained mutation: Potions are less effective at restoring
                  | your health. [Xom's mischief]
  5543 | D:1      | XOM: divination: magic mapping
  5714 | D:1      | XOM: silly message
  5715 | D:1      | XOM: scenery: 1 doors open
  5852 | D:1      | XOM is BORED!
  6126 | D:1      | XOM: scenery: 1 doors close
  6456 | D:1      | XOM: cloud trail
  7048 | D:1      | XOM: summons 3 hostile shadow creatures
  7715 | D:1      | XOM: give mutations
  7715 | D:1      | Gained mutation: You are covered in fur. (AC +1) [Xom's
                  | mischief]
  7715 | D:1      | Lost mutation: Potions are less effective at restoring your
                  | health. [Xom's mischief]
  7715 | D:1      | Lost mutation: You are clumsy. (Dex -2) [Xom's mischief]
  7971 | D:1      | XOM: torment (14/26 hp)
  8021 | D:1      | XOM: summons 3 hostile shadow creatures
  8322 | D:2      | XOM: give mutations
  8322 | D:2      | Gained mutation: You are partially covered in iridescent
                  | scales. (AC +2) [Xom's mischief]
  8322 | D:2      | Lost mutation: You occasionally lose the ability to read
                  | scrolls when taking damage. [Xom's mischief]
  8322 | D:2      | Lost mutation: Your system is resistant to poisons. (rPois)
                  | [Xom's mischief]
  8362 | D:2      | XOM: 2-stop teleportation journey
  8373 | D:2      | XOM: give mutations
  8373 | D:2      | Gained mutation: You occasionally shout uncontrollably at
                  | your foes. [Xom's mischief]
  8373 | D:2      | Gained mutation: You are dopey. (Int -2) [Xom's mischief]
  8483 | D:2      | Reached XP level 4. HP: 33/33 MP: 3/3
  8519 | D:2      | Noticed Jessica
  8524 | D:2      | XOM: fog
  8531 | D:2      | XOM: blink monster(s)
  8535 | D:2      | Killed Jessica
  8737 | D:3      | Noticed Ijyb
  8739 | D:3      | XOM: chaos upgrade
  8746 | D:3      | Killed Ijyb
  8784 | D:3      | Reached XP level 5. HP: 37/37 MP: 4/4
  8834 | D:3      | XOM: silly message
  8946 | D:3      | XOM: give mutation
  8946 | D:3      | Gained mutation: Your body sometimes deteriorates upon
                  | taking damage. [Xom's mischief]
  9081 | D:3      | XOM: give mutations
  9081 | D:3      | Gained mutation: You are vulnerable to heat. (rF-) [Xom's
                  | mischief]
  9081 | D:3      | Gained mutation: Your body often deteriorates upon taking
                  | damage. [Xom's mischief]
  9081 | D:3      | Gained mutation: You are agile. (Dex +4, Str/Int -1) [Xom's
                  | mischief]
  9081 | D:3      | Lost mutation: You are vulnerable to heat. (rF-) [Xom's
                  | mischief]
  9167 | D:3      | Found an ornate altar of the Wu Jian Council.
  9167 | D:3      | Found a faded altar of an unknown god.
  9174 | D:3      | Found a bloodstained altar of Trog.
  9176 | D:3      | Found a blossoming altar of Fedhas.
  9177 | D:3      | Found a faded altar of an unknown god.
  9190 | D:3      | XOM: cloud trail
  9267 | D:3      | XOM: scenery: create altars
  9431 | D:4      | XOM: give mutation
  9431 | D:4      | Lost mutation: Your body often deteriorates upon taking
                  | damage. [Xom's mischief]
  9867 | D:4      | Found a staircase to the Ecumenical Temple.
  9948 | D:4      | XOM: give mutations
  9948 | D:4      | Lost mutation: You are partially covered in iridescent
                  | scales. (AC +2) [Xom's mischief]
  9948 | D:4      | Lost mutation: Your magical capacity is low. (-10% MP)
                  | [Xom's mischief]
  9948 | D:4      | Lost mutation: You are agile. (Dex +4, Str/Int -1) [Xom's
                  | mischief]
  9972 | D:4      | Reached skill level 1 in Evocations
 10003 | D:4      | XOM: give mutations
 10003 | D:4      | Gained mutation: You are partially covered in iridescent
                  | scales. (AC +2) [Xom's grace]
 10003 | D:4      | Gained mutation: You passively dampen the noise of your
                  | surroundings. [Xom's grace]
 10027 | D:5      | Entered Level 5 of the Dungeon
 10085 | D:5      | Noticed an ogre
 10090 | D:5      | XOM: 2-stop teleportation journey
 10092 | D:5      | XOM: butterfly on damage
 10093 | D:5      | Mangled by an ogre

Illustrated notes

Levels and vault maps discovered:
D:1:      heliophobic_arrival_ceremonial_halls, layout_rooms,
          dreamdust_ecumenical_altar_drowned_temple,
          corexii_item_surrounded_by_moat, kennysheep_nondescript, hex_large,
          chequers_garden
D:2:      layout_rooms, uniq_jessica
D:3:      layout_rooms, chequers_temple_overflow_minitemple,
          chequers_serial_rivers_micro_e, uniq_ijyb
D:4:      layout_basic, minmay_temple_entry_poolview, hangedman_decor_lopped,
          grunt_decor_one_mirror
D:5:      layout_rooms, uniq_prince_ribbit1, uniq_duvessa

Skill      XL: |  1  2  3  4  5 |
---------------+----------------+-----
Stealth        | 1 3 4 |  4.4
Short Blades   | 4 |  4.2
Evocations     | 1 |  1.1
Fighting       | |  3.8
Dodging        | |  2.9

Action                     |  1- 3 |  4- 6 || total
---------------------------+-------+-------++-------
  Melee: Short sword       |    65 |    82 ||   147
         Tentacles         |    14 |    17 ||    31
         Constrict         |    15 |    14 ||    29
         Punch             |     1 |     1 ||     2
    Use: Potion            |       |     1 ||     1
   Stab: Sleeping          |     6 |    12 ||    18
 Armour: Skin              |    12 |    23 ||    35
  Dodge: Dodged            |    41 |    59 ||   100

Table legend: (Time is in decaauts)
 A = Elapsed time spent in this place.
 B = Non-inter-level travel time spent in this place.
 C = Inter-level travel time spent in this place.
 D = Time resting spent in this place.
 E = Time spent auto-exploring this place.
 F = Levels seen in this place.
 G = Mean time per level.
                   A        B        C        D        E       F      G
               +--------+--------+--------+--------+--------+-----+--------+
         Total |  10066 |   9950 |    116 |   7920 |   1562 |   5 | 2013.2 |
       Dungeon |  10066 |   9950 |    116 |   7920 |   1562 |   5 | 2013.2 |
               +--------+--------+--------+--------+--------+-----+--------+

Top non-repeatable levels by time:
     D:1: 7724 daAuts
     D:2: 979 daAuts
     D:3: 667 daAuts
     D:4: 630 daAuts
     D:5: 65 daAuts
